 Dungeon Crawl Stone Soup version 0.27-a0-597-g524d869a0f (webtiles) character file.

Game seed: 11622684185400808256

51 siradein the Firebug (level 3, 0/26 HPs)
             Began as a Hill Orc Fire Elementalist on Mar 11, 2021.
             Slain by an orc
             ... wielding a +0 mace
              (7 damage)
             ... on level 2 of the Dungeon.
             The game lasted 00:06:53 (2271 turns).

siradein the Firebug (Hill Orc Fire Elementalist)   Turns: 2271, Time: 00:06:54

Health: 0/26       AC:  4    Str: 10    XL:     3   Next: 83%
Magic:  4/6        EV: 11    Int: 16    God:
Gold:   115        SH:  0    Dex: 11    Spells: 2/6 levels left

rFire    + . .     SeeInvis .   (no weapon)
rCold    . . .     Faith    .   (no shield)
rNeg     . . .     Spirit   .   j - +1 leather armour {rF+}
rPois    .         Reflect  .   (no helmet)
rElec    .         Harm     .   (no cloak)
rCorr    .         Rampage  .   (no gloves)
Will     .....                  (no boots)
Stlth    +.........             (no amulet)
HPRegen  0.08/turn              (no ring)
MPRegen  0.10/turn              (no ring)

@: no status effects
A: no striking features
a: no special abilities


You were on level 2 of the Dungeon.
You visited 1 branch of the dungeon, and saw 3 of its levels.

You collected 115 gold pieces.

Inventory:

Armour
 j - a +1 leather armour of fire resistance (worn)
Scrolls
 b - a scroll of fog {unknown}
 c - 3 scrolls of identify {unknown}
 d - a scroll of enchant armour {unknown}
 f - a scroll of random uselessness {unknown}
 g - 2 scrolls of amnesia {unknown}
 h - 2 scrolls of teleportation {unknown}
Potions
 e - 2 potions of mutation {unknown}
 i - a potion of ambrosia {unknown}


   Skills:
 - Level 1.5 Dodging
 - Level 1.5 Stealth
 + Level 2.4 Spellcasting
 - Level 1.0 Conjurations
 + Level 4.3 Fire Magic


You had 2 spell levels left.
You knew the following spells:

 Your Spells              Type           Power      Damage    Failure   Level
a - Foxfire               Conj/Fire      40%        2x1d6     9%          1
b - Conjure Flame         Conj/Fire      10%        6-21      26%         3

Your spell library contained the following spells:

 Spells                   Type           Power      Damage    Failure   Level
 Inner Flame              Hex/Fire       8%         N/A       32%         3
 Sticky Flame             Conj/Fire      10%        2d3       65%         4
 Fireball                 Conj/Fire      5%         3d5       94%         5


Dungeon Overview and Level Annotations

Branches:
Dungeon (3/15)

Altars:


Message History

The orc shouts!
You hear a shout!
An orc comes into view. It is wielding a +0 flail.
An orc comes into view.
An orc comes into view. It is wielding a +0 trident.
The orc shouts! x2
A hobgoblin comes into view. It is wielding a +0 club.
The hobgoblin shouts!
Casting: Foxfire (safe; 9% risk of failure)
Press: ? - help, Q - select action Dir - look around, f - activate You conjure some foxfire!
The foxfire hits the orc but does no damage.
The foxfire hits the orc.
The orc is moderately wounded.
Casting: Foxfire (safe; 9% risk of failure)
Press: ? - help, Q - select action Dir - look around, f - activate You conjure some foxfire!
The foxfire hits the orc.
The orc is severely wounded.
The foxfire hits the orc.
The orc is severely wounded.
The orc hits you with a +0 mace.
Casting: Foxfire (safe; 9% risk of failure)
Press: ? - help, Q - select action Dir - look around, f - activate You miscast Foxfire.
You are very lightly contaminated with residual magic.
Nothing appears to happen.
The orc closely misses you. The orc hits you with a +0 mace.
The orc hits you with a +0 mace.
Your magical contamination has completely faded away.
There is a stone staircase leading up, spattered with blood here.
The orc hits you with a +0 mace.
You climb upwards.
There is a stone staircase leading down here.
You hit the orc.
The orc is severely wounded.
The orc hits you with a +0 mace.
* * * LOW HITPOINT WARNING * * *
The orc hits you with a +0 mace!
You die...

#.#.......# ###.. #
##.#.####### #.... #
##....# #....
###############...###
#....
...w..............#
####.
....############.##
## ....# #.# ....#
#.# ....# ##@# #####
#.o# #>## #.# ###


You could see an orc.

Vanquished Creatures
  2 adders
  An ooze (D:2)
  A worm (D:2)
  A giant cockroach (D:2)
  A goblin (D:2)
  7 hobgoblins
  2 jackals (D:1)
  A quokka (D:2)
  4 bats
  3 frilled lizards
  4 rats
27 creatures vanquished.

Vanquished Creatures (others)
  92 foxfires
92 creatures vanquished.

Grand Total: 119 creatures vanquished

Notes
Turn   | Place    | Note
-------+----------+-------------------------------------------
     0 | D:1      | siradein the Hill Orc Fire Elementalist began the quest for
                  | the Orb.
     0 | D:1      | Reached XP level 1. HP: 14/14 MP: 3/3
   481 | D:1      | Reached XP level 2. HP: 20/20 MP: 2/4
  1073 | D:2      | Reached XP level 3. HP: 26/26 MP: 3/6
  1111 | D:2      | Reached skill level 4 in Fire Magic
  1887 | D:2      | Learned a level 3 spell: Conjure Flame
  2271 | D:2      | Slain by an orc

Illustrated notes

Levels and vault maps discovered:
D:1:      tarquinn_simple_flora_water_b, layout_basic,
          chequers_serial_rivers_small_a
D:2:      layout_rooms, serial_forest, infiniplex_forest_corner_1,
          infiniplex_forest_clump_medium, infiniplex_forest_lined_3,
          infiniplex_forest_lined_corner, infiniplex_forest_straight_1
D:3:      layout_basic, minmay_bisected

Skill      XL: |  1  2  3 |
---------------+----------+-----
Spellcasting   | 2 |  2.4
Fire Magic     | 4 |  4.3
Dodging        | |  1.5
Stealth        | |  1.5
Conjurations   | |  1.0

Action                   || total
-------------------------++-------
Melee: Unarmed           ||     1
 Cast: Foxfire           ||    51
Armor: Robe              ||     6
Dodge: Dodged            ||    16

Table legend: (Time is in decaauts)
 A = Elapsed time spent in this place.
 B = Non-inter-level travel time spent in this place.
 C = Inter-level travel time spent in this place.
 D = Time resting spent in this place.
 E = Time spent auto-exploring this place.
 F = Levels seen in this place.
 G = Mean time per level.
                   A        B        C        D        E       F      G
               +--------+--------+--------+--------+--------+-----+--------+
         Total |   2273 |   2223 |     50 |    126 |   1692 |   3 |  757.7 |
       Dungeon |   2273 |   2223 |     50 |    126 |   1692 |   3 |  757.7 |
               +--------+--------+--------+--------+--------+-----+--------+

Top non-repeatable levels by time:
     D:1: 1013 daAuts
     D:2: 927 daAuts
     D:3: 332 daAuts
